Map: Pendiente de Agustín EE

Players

TMH - Winner!

  • Race: Terran Terran
  • Spawn Location: 5:00

wontonette - Winner!

  • Race: Protoss Protoss
  • League: Platinum
  • Spawn Location: 6:00

BusError - Winner!

  • Race: Protoss Protoss
  • League: Gold
  • Spawn Location: 6:00

MrFercho

  • Race: Zerg Zerg
  • League: Silver
  • Spawn Location: 12:00

tigro

  • Race: Terran Terran
  • League: Bronze
  • Spawn Location: 11:00

TATORREA

  • Race: Protoss Protoss
  • League: Silver
  • Spawn Location: 12:00

VOD

Have the link to the VOD?

Description

Time

  • Played on: May 28, 2020, 9:57 p.m.
  • Length: 5:28
Show
View Real Time Build Order
Export as new Build Order

TMH Terran - Winner!

Build Orders:  

Get SALT Encoding   

  12  0:21  SCV  
  12  0:22  Supply Depot  
  13  0:33  SCV  
  14  0:42  Refinery  
  14  0:45  SCV  
  14  0:47  Barracks  
  15  1:01  SCV  
  16  1:12  Supply Depot  
  16  1:13  SCV  
  17  1:25  SCV  
  17  1:31  Refinery  
  18  1:37  Supply Depot, SCV  
  19  1:50  SCV  
  20  1:55  Marine  
  20  1:57  Engineering Bay  
  21  2:02  SCV  
  22  2:13  Marine  
  23  2:31  Marine, Factory  
  24  2:40  Barracks  
  24  2:49  Marine  
  25  2:56  Orbital Command  
  25  3:00  Terran Infantry Weapons Level 1  
  25  3:07  Marine  
  26  3:18  Factory Tech Lab  
  26  3:24  Marine  
  27  3:29  Command Center  
  27  3:30  Barracks Tech Lab  
  27  3:42  Marine  
  27  3:46  SCV  
  29  3:58  Marine, SCV  
  29  4:00  Marine  
  32  4:16  Marine, Siege Tank  
  36  4:19  Barracks Reactor  
  36  4:34  Marine  
  37  4:51  Marine  
  38  5:05  Marine x2  
  40  5:09  Marine  
Show
View Real Time Build Order
Export as new Build Order

wontonette Protoss - Winner!

Build Orders: Dark Templar Rush 

Get SALT Encoding   

  12  0:01  Probe  
  13  0:13  Probe  
  14  0:19  Pylon  
  14  0:25  Probe  
  15  0:29  Assimilator  
  15  0:40  Gateway  
  16  0:42  Probe (Chrono Boost)  
  16  0:54  Probe (Chrono Boost)  
  17  0:59  Probe (Chrono Boost)  
  18  1:09  Probe  
  19  1:11  Assimilator  
  19  1:21  Probe  
  20  1:27  Cybernetics Core  
  20  1:28  Pylon  
  20  1:33  Probe  
  21  1:45  Probe  
  21  1:46  Gateway  
  22  2:00  Warp Gate (Chrono Boost)  
  22  2:05  Twilight Council  
  22  2:35  Probe  
  23  2:39  Pylon  
  23  2:44  Dark Shrine  
  23  2:49  Nexus  
  23  3:11  Probe  
  24  3:23  Probe  
  24  3:26  Pylon  
  25  3:35  Probe  
  25  3:39  Pylon  
  26  3:46  Pylon  
  26  3:50  Probe  
  26  3:51  Assimilator  
  27  3:57  Pylon  
  27  3:58  Dark Templar x2  
  31  4:03  Probe  
  32  4:15  Probe  
  33  4:25  Gateway, Probe  
  33  4:26  Gateway  
  33  4:27  Probe  
  35  4:31  Dark Templar  
  35  4:37  Probe  
  35  4:38  Pylon  
  38  4:40  Dark Templar  
  40  4:55  Pylon  
  40  5:08  Dark Templar  
  40  5:14  Dark Templar  
  44  5:16  Forge  
Show
View Real Time Build Order
Export as new Build Order

BusError Protoss - Winner!

Build Orders:  

Get SALT Encoding   

  12  0:01  Probe  
  13  0:13  Probe  
  14  0:19  Pylon  
  14  0:25  Probe  
  15  0:37  Probe  
  16  0:49  Assimilator, Probe  
  17  0:56  Gateway  
  17  1:01  Probe  
  18  1:13  Probe  
  19  1:20  Assimilator  
  19  1:29  Probe  
  20  1:41  Probe  
  20  1:42  Pylon  
  21  1:53  Probe  
  22  1:57  Pylon, Cybernetics Core  
  22  2:07  Forge  
  22  2:15  Pylon  
  22  2:22  Pylon  
  22  2:31  Pylon  
  22  2:33  Probe  
  22  2:36  Pylon  
  23  2:40  Pylon  
  23  2:42  Photon Cannon  
  23  2:45  Photon Cannon, Probe  
  24  2:54  Assimilator  
  24  2:55  Zealot  
  24  2:57  Probe  
  27  3:05  Photon Cannon  
  27  3:26  Warp Gate (Chrono Boost), Photon Cannon  
  27  3:28  Stalker  
  28  3:48  Stargate  
  28  3:57  Stalker (Chrono Boost)  
  28  4:00  Nexus  
  30  4:17  Gateway  
  30  4:24  Pylon  
  30  4:31  Assimilator  
  30  4:33  Pylon  
  32  4:46  Void Ray (Chrono Boost)  
  34  4:53  Pylon  
  34  5:03  Stalker  
  36  5:13  Stargate  
  36  5:15  Zealot  
Show
View Real Time Build Order
Export as new Build Order

MrFercho Zerg 

Build Orders: 3 Hatch before Pool 

Get SALT Encoding   

  12  0:01  Drone  
  13  0:10  Drone  
  14  0:30  Extractor  
  14  0:31  Extractor  
  14  0:33  Drone x2  
  16  1:19  Hatchery  
  15  1:52  Hatchery  
  14  2:27  Spawning Pool  
  13  3:14  Zergling x12  
  19  3:20  Drone x2  
  21  3:47  Extractor  
  20  3:50  Extractor  
  17  4:36  Drone  
  17  4:37  Drone x2  
Show
View Real Time Build Order
Export as new Build Order

tigro Terran 

Build Orders:  

Get SALT Encoding   

  12  0:03  SCV  
  13  0:15  SCV  
  14  0:23  Supply Depot  
  14  0:27  SCV  
  15  0:31  Refinery  
  15  0:44  SCV  
  16  0:55  Barracks  
  16  0:58  SCV  
  17  1:10  SCV  
  18  1:19  Refinery  
  18  1:23  SCV  
  19  1:26  Supply Depot  
  19  1:38  SCV  
  20  1:45  Marine  
  21  1:50  SCV  
  22  2:02  SCV  
  22  2:03  Marine  
  24  2:20  Marine  
  25  2:38  Marine  
  25  2:39  Barracks  
  26  2:56  Marine  
  27  3:49  Barracks Tech Lab  
  27  3:51  Barracks Tech Lab  
  27  4:00  Orbital Command  
  27  4:04  Command Center  
  27  4:15  Marine  
  28  4:17  Marine  
  29  4:32  Marine  
  29  4:35  Marine  
Show
View Real Time Build Order
Export as new Build Order

TATORREA Protoss 

Build Orders:  

Get SALT Encoding   

  12  0:03  Probe  
  13  0:28  Probe  
  14  0:36  Pylon  
  14  0:40  Probe  
  15  0:52  Assimilator  
  15  0:56  Probe  
  16  1:09  Probe  
  17  1:21  Probe  
  18  1:39  Probe  
  19  1:42  Gateway  
  19  1:44  Gateway  
  19  1:46  Assimilator  
  19  1:51  Probe  
  19  1:52  Pylon  
  20  2:03  Probe  
  18  3:53  Zealot x2  
  22  4:10  Nexus  
  22  4:11  Probe  
  22  4:23  Probe  
Tags
 
Add a new tag
Caveats
  • Supply blocks, unpowered buildings, or Contaminate may cause inaccurate times.
  • Supply counts are checked every 10 seconds.